 Dungeon Crawl Stone Soup version 0.31-a0-466-g98c9adc2b6 (webtiles) character file.

Game seed: 16813335163203314095

73 senseless the Shooter (level 4, 0/26 HPs)
             Began as a Deep Elf Hunter on Aug 5, 2023.
             Slain by a gnoll
             ... wielding a +0 whip
              (9 damage)
             ... on level 2 of the Dungeon.
             The game lasted 00:01:59 (782 turns).

senseless the Shooter (Deep Elf Hunter)              Turns: 782, Time: 00:02:00

Health: 0/26       AC:  3    Str:  8    XL:     4   Next: 8%
Magic:  6/6        EV: 13    Int: 14    God:
Gold:   20         SH:  0    Dex: 20    Spells: 3/3 levels left

rFire   . . .        a - +0 shortbow
rCold   . . .        (shield currently unavailable)
rNeg    . . .        c - +0 leather armour
rPois   .            (no helmet)
rElec   .            (no cloak)
rCorr   .            (no gloves)
SInv    .            (no boots)
Will    .....        (no amulet)
Stlth   ++           (no ring)
HPRegen 0.24/turn    (no ring)
MPRegen 0.10/turn

%: no passive effects
@: no status effects
A: no striking features
a: no special abilities


You were on level 2 of the Dungeon.
You visited 1 branch of the dungeon, and saw 2 of its levels.

You collected 20 gold pieces.

Inventory:

Hand Weapons
 a - a +0 shortbow (weapon)
 i - a +0 vampiric dagger
Armour
 c - a +0 leather armour (worn)
Talismans
 j - a beast talisman
Scrolls
 b - a scroll of butterflies
 e - a scroll of brand weapon {unknown}
 f - 4 scrolls of identify {unknown}
 g - a scroll of teleportation {unknown}
 h - 2 scrolls of immolation {unknown}
Potions
 d - 2 potions of curing {unknown}
 k - a potion of degeneration {unknown}
 l - a potion of attraction {unknown}
 m - a potion of cancellation {unknown}


   Skills:
 + Level 2.2 Fighting
 + Level 6.0 Ranged Weapons
 + Level 3.3 Dodging
 + Level 2.7 Stealth


You had 3 spell levels left.
You didn't know any spells.
Your spell library was empty.

Dungeon Overview and Level Annotations

Branches:
Dungeon (2/15)

Altars:


Message History

You shoot an arrow. The arrow hits the gnoll.
The gnoll is moderately wounded.
You shoot an arrow.
The arrow hits the gnoll but does no damage.
The gnoll is moderately wounded.
The gnoll hits you with a +0 whip.
You shoot an arrow. The arrow hits the gnoll!
You kill the gnoll!
You shoot an arrow. The arrow barely misses the gnoll.
The arrow hits the jackal but does no damage.
The gnoll closely misses you.
You shoot an arrow. The arrow hits the gnoll.
You kill the gnoll!
Your Ranged Weapons skill increases to level 6!
You have reached level 4!
You feel clever.
You shoot an arrow. The arrow hits the jackal.
You kill the jackal!
You shoot an arrow. The arrow hits the gnoll.
The gnoll is lightly wounded.
The gnoll barely misses you.
You shoot an arrow.
The arrow hits the gnoll but does no damage.
The gnoll is lightly wounded.
The gnoll hits you with a +0 whip!
You shoot an arrow. The arrow hits the gnoll.
The gnoll is heavily wounded.
The gnoll barely misses you.
You shoot an arrow. The arrow barely misses the gnoll.
The gnoll hits you with a +0 whip.
You are too injured to fight recklessly!
You shoot an arrow. The arrow hits the gnoll.
The gnoll is severely wounded.
The gnoll hits you with a +0 whip.
You shoot an arrow. The arrow closely misses the gnoll.
The gnoll closely misses you.
You shoot an arrow. The arrow barely misses the gnoll.
An endoplasm comes into view.
The gnoll closely misses you. The gnoll hits you with a +0 whip!
You die...

#......... ...
##........##....#
#.........##....# .
#.............>.# ..
#.........##....+ ...
...........#....# ....
#.<.#..........# .....
##...#.........#######......
................@g).........
###..###.##.##.########J....
##.# #.##.##.#


.hh #.# ..##.##.# g .....###.##.# ...## #.##.# ###. ..##.# .. .....# You could
see a gnoll and an endoplasm (wandering).

Vanquished Creatures
  3 gnolls (D:2)
  A dart slug (D:1)
  3 bats (D:1)
  An endoplasm (D:2)
  3 giant cockroaches
  3 goblins (D:1)
  4 hobgoblins (D:1)
  7 jackals
  3 kobolds (D:1)
  2 quokkas (D:1)
  5 ball pythons
  A frilled lizard (D:1)
  A rat (D:1)
37 creatures vanquished.

Notes
Turn   | Place    | Note
-------+----------+-------------------------------------------
     0 | D:1      | senseless the Deep Elf Hunter began the quest for the Orb.
     0 | D:1      | Reached XP level 1. HP: 12/12 MP: 3/3
    69 | D:1      | Reached XP level 2. HP: 11/17 MP: 4/4
   346 | D:1      | Reached XP level 3. HP: 21/21 MP: 5/5
   775 | D:2      | Reached skill level 6 in Ranged Weapons
   775 | D:2      | Reached XP level 4. HP: 24/26 MP: 6/6
   782 | D:2      | Slain by a gnoll

Illustrated notes

Levels and vault maps discovered:
D:1:      psy_arrival_basics, layout_basic
D:2:      layout_rooms, basic_altar, chequers_serial_rivers_room_b

Skill      XL: |  1  2  3 |
---------------+----------+-----
Stealth        | 2 |  2.7
Fighting       | 2 |  2.2
Dodging        | 3 |  3.3
Ranged Weapons | 6 |  6.0

Action                     |  1- 3 |  4- 6 || total
---------------------------+-------+-------++-------
   Fire: Shortbow          |    94 |     8 ||   102
 Armour: Leather armour    |     8 |       ||     8
  Dodge: Dodged            |    36 |     4 ||    40

Table legend: (Time is in decaauts)
 A = Elapsed time spent in this place.
 B = Non-inter-level travel time spent in this place.
 C = Inter-level travel time spent in this place.
 D = Time resting spent in this place.
 E = Time spent auto-exploring this place.
 F = Levels seen in this place.
 G = Mean time per level.
                   A        B        C        D        E       F      G
               +--------+--------+--------+--------+--------+-----+--------+
         Total |    800 |    762 |     38 |      0 |    585 |   2 |  400.0 |
       Dungeon |    800 |    762 |     38 |      0 |    585 |   2 |  400.0 |
               +--------+--------+--------+--------+--------+-----+--------+

Top non-repeatable levels by time:
     D:1: 742 daAuts
     D:2: 58 daAuts
